 Dungeon Crawl Stone Soup version 0.18.1-8-gdd0e5ea (webtiles) character file.

6895 Gargoyl the Protected (level 10, -5/81 HPs)
             Began as a Demonspawn Abyssal Knight on May 30, 2016.
             Was a High Priest of Lugonu.
             Slain by a komodo dragon (18 damage)
             ... on level 1 of the Lair of Beasts.
             The game lasted 00:19:39 (9135 turns).

Gargoyl the Protected (Demonspawn Abyssal Knight)   Turns: 9135, Time: 00:19:40

Health: -5/81      AC: 19    Str: 17    XL:     10   Next: 79%
Magic:  0/12       EV: 12    Int: 14    God:    Lugonu [*****.]
Gold:   525        SH:  4    Dex: 13    Spells: 0 memorised, 9 levels left

rFire  + . .     SeeInvis .     v - +1 war axe (venom)
rCold  . . .     Gourm    .     Q - +0 plate armour
rNeg   . . .     Faith    .     D - +0 buckler
rPois  .         Spirit   +     (helmet restricted)
rElec  .         Dismiss  .     (no cloak)
rCorr  .         Reflect  .     u - +1 pair of gloves
SustAt .         Harm     .     (no boots)
MR     +....                    (no amulet)
Stlth  ..........               J - ring of protection from magic
                                d - +6 ring of evasion

@: somewhat resistant to hostile enchantments, extremely unstealthy
A: beak, horns 2, icy blue scales 2, fire resistance 1, regeneration 1, strong
1, magic shield, subdued magic 1
a: Depart the Abyss, Bend Space, Banish, Corrupt, Enter the Abyss, Renounce
Religion


You were on level 1 of the Lair of Beasts.
You worshipped Lugonu.
Lugonu was extremely pleased with you.
You were hungry.

You visited 2 branches of the dungeon, and saw 11 of its levels.
You visited the Abyss 1 time.

You collected 525 gold pieces.

Inventory:

Hand Weapons
 v - a +1 war axe of venom (weapon)
 H - a +3 flail
Missiles
 k - 2 tomahawks (quivered)
Armour
 u - a +1 pair of gloves (worn)
 D - a +0 buckler (worn)
 Q - a +0 plate armour (worn)
Jewellery
 d - a +6 ring of evasion (left hand)
 g - an uncursed ring of protection from cold
 o - an uncursed ring of poison resistance {unknown}
 J - a ring of protection from magic (right hand)
Wands
 r - a wand of digging (6/24)
 y - a wand of digging (10/24)
 A - a wand of acid (14/15)
 I - a wand of flame (28/48)
 K - a wand of random effects (39/48)
Scrolls
 a - 3 scrolls of amnesia
 h - 10 scrolls of identify
 m - 2 scrolls of fear
 s - a scroll of fog
 t - 5 scrolls of remove curse
 x - 3 scrolls of teleportation
Potions
 b - a potion of might {unknown}
 e - 4 potions of curing
 j - a potion of cure mutation
 l - 3 potions of lignification {unknown}
 n - a potion of agility {unknown}
 q - a potion of mutation {unknown}
 z - 2 potions of degeneration {unknown}
 B - 2 potions of haste {unknown}
 C - a potion of berserk rage {unknown}
 E - 2 potions of invisibility {unknown}
 F - 2 potions of brilliance {unknown}
 G - a potion of heal wounds {unknown}
 L - 3 potions of resistance {unknown}
 M - 2 potions of cancellation {unknown}
Books
 N - a book of Clouds

   Spells                             Type                      Level
   a - Mephitic Cloud                 Conjuration/Poison/Air       3
   b - Conjure Flame                  Conjuration/Fire             3
   c - Poisonous Cloud                Conjuration/Poison/Air       6
   d - Freezing Cloud                 Conjuration/Ice/Air          6
   e - Ring of Flames                 Charms/Fire                  7
 O - a book of Flames

   Spells                             Type                      Level
   a - Flame Tongue                   Conjuration/Fire             1
   b - Throw Flame                    Conjuration/Fire             2
   c - Conjure Flame                  Conjuration/Fire             3
   d - Inner Flame                    Hexes/Fire                   3
   e - Sticky Flame                   Conjuration/Fire             4
   f - Fireball                       Conjuration/Fire             5
Comestibles
 c - 11 bread rations
 f - 2 meat rations
 i - 8 beef jerkies
 w - a slice of pizza


   Skills:
 + Level 8.3 Fighting
 + Level 7.8 Axes
 + Level 0.8 Throwing
 * Level 9.5 Armour
 + Level 4.5 Dodging
 + Level 1.1 Stealth
 + Level 3.1 Shields
 + Level 2.8 Invocations


You had 9 spell levels left.
You didn't know any spells.

Dungeon Overview and Level Annotations

Branches:
Dungeon (10/15)            Temple (0/1) D:6            Lair (1/8) D:10
    Orc (0/2) D:10

Altars:
Gozag
Okawaru
Zin

Shops:
D:7 *

Annotations:
D:4 Gargoyl's ghost, amateur DsAK


Innate Abilities, Weirdness & Mutations

You have a pair of horns on your head.
You are mostly covered in icy blue scales (AC +3, EV -1).
When hurt, damage is shared between your health and your magic reserves.
You have a beak for a mouth.
Your flesh is heat resistant.
Your natural rate of healing is unusually fast.
Your muscles are strong. (Str +2)
Your spells are a little easier to cast, but a little less powerful.


Message History

Your plate armour prevents you from hitting the blink frog.
You barely miss the blink frog. You hit the giant frog.
The giant frog looks even sicker.
The giant frog is severely wounded.
You block the blink frog's attack.
The giant frog hits you but does no damage.
The blink frog closely misses you. The komodo dragon bites you!!
* * * LOW HITPOINT WARNING * * *
The blink frog hits you!
* * * LOW HITPOINT WARNING * * *
The blink frog blinks!
The blink frog barely misses you. The giant frog misses you.
Drink which item? (? for menu, Esc to quit)
You feel better.
You kill the giant frog!
Lugonu accepts your kill. The blink frog barely misses you.
The blink frog blinks!
The blink frog hits you but does no damage. x2
The komodo dragon bites you!!
You die...

#...(.......#
##'####.#####
#.###.##
#....#
##.#.#######
#.........#
#.........###
#FF.......+.#
#@FF..^......
#lF.......###
#.........#
#....(....#
#....!....#
#.........#
####.#.......
#.§...♣..♣.
.....♣(;.≈.≈


You could see a komodo dragon, 4 blink frogs and a giant frog.

Vanquished Creatures
  Maurice (D:8)
  2 trolls
  A two-headed ogre (D:9)
  3 yaks (D:9)
  Grum (D:8)
  Eustachio (D:6)
  A hippogriff (D:10)
  Edmund (D:6)
  4 orc warriors
  2 black bears
  A phantom (D:7)
  4 sky beasts
  An ice beast (D:8)
  3 ogres
  2 wolves (D:8)
  A centaur (D:9)
  3 giant frogs
  A scorpion (D:10)
  A water moccasin skeleton (D:7)
  19 killer bees
  10 wights
  A giant frog zombie (D:5)
  8 crimson imps
  4 hounds
  A wasp zombie (D:7)
  2 centaur zombies
  A gnoll shaman (D:10)
  10 orc priests
  8 orc wizards
  A giant frog skeleton (D:8)
  4 iguanas
  12 worker ants
  A killer bee zombie (D:8)
  2 hound skeletons
  A worker ant zombie (D:7)
  13 adders
  11 gnolls
  A shadow imp (D:8)
  2 oozes
  An adder zombie (D:6)
  2 worms
  3 dart slugs
  3 giant geckos
  24 orcs
  2 ball pythons
  8 bats
  6 giant cockroaches
  9 goblins
  10 hobgoblins
  8 quokkas
  A giant gecko zombie (D:6)
  4 giant newts
  A jackal zombie (D:5)
  3 kobolds
  10 rats
241 creatures vanquished.

Notes
Turn   | Place    | Note
--------------------------------------------------------------
     0 | Abyss:1  | Gargoyl the Demonspawn Abyssal Knight began the quest for the Orb.
     0 | Abyss:1  | Reached XP level 1. HP: 18/18 MP: 2/2
    60 | Abyss:1  | Noticed a neqoxec
    65 | D:1      | Escaped the Abyss
   232 | D:1      | Reached skill level 2 in Armour
   517 | D:1      | Gained mutation: You have a pair of small horns on your head. [demonic ancestry]
   517 | D:1      | Reached XP level 2. HP: 22/24 MP: 3/3
   534 | D:1      | Reached * piety under Lugonu
   770 | D:2      | Reached skill level 1 in Dodging
   770 | D:2      | Reached XP level 3. HP: 3/29 MP: 4/4
  1343 | D:2      | Reached XP level 4. HP: 36/37 MP: 6/6
  1487 | D:2      | Reached ** piety under Lugonu
  1783 | D:2      | Reached skill level 3 in Armour
  2263 | D:3      | Gained mutation: You are partially covered in icy blue scales (AC +1). [demonic ancestry]
  2263 | D:3      | Reached XP level 5. HP: 34/42 MP: 7/7
  3071 | D:4      | Noticed Gargoyl's ghost (amateur DsAK)
  3107 | D:5      | Entered Level 5 of the Dungeon
  3268 | D:5      | Reached skill level 4 in Armour
  3268 | D:5      | Reached XP level 6. HP: 48/49 MP: 8/8
  3285 | D:5      | Reached *** piety under Lugonu
  3326 | D:5      | Found an iron altar of Okawaru.
  3545 | D:5      | Reached skill level 5 in Fighting
  3730 | D:5      | Reached XP level 7. HP: 49/56 MP: 9/9
  3863 | D:5      | Reached skill level 5 in Armour
  3927 | D:6      | Found a staircase to the Ecumenical Temple.
  3992 | D:6      | Noticed Eustachio
  4022 | D:6      | Killed Eustachio
  4202 | D:6      | Noticed Edmund
  4220 | D:6      | Killed Edmund
  4220 | D:6      | Gained mutation: When hurt, damage is shared between your health and your magic reserves. [demonic ancestry]
  4220 | D:6      | Reached XP level 8. HP: 34/64 MP: 10/10
  4779 | D:7      | Found Vuimugaq's Assorted Antiques.
  4877 | D:7      | Reached skill level 6 in Armour
  4948 | D:7      | Reached **** piety under Lugonu
  5009 | D:7      | Reached skill level 5 in Axes
  5245 | D:7      | Gained mutation: Your spells are a little easier to cast, but a little less powerful. [mutagenic meat]
  5246 | D:7      | Gained mutation: Your spells are easier to cast, but less powerful. [mutagenic meat]
  5247 | D:7      | Gained mutation: Your natural rate of healing is unusually fast. [mutagenic meat]
  5248 | D:7      | Gained mutation: Your muscles are strong. (Str +2) [mutagenic meat]
  5249 | D:7      | Lost mutation: Your spells are easier to cast, but less powerful. [mutagenic meat]
  5250 | D:7      | Gained mutation: Your flesh is heat resistant. [mutagenic meat]
  5269 | D:7      | Found an opulent altar of Gozag.
  5269 | D:7      | Found a glowing silver altar of Zin.
  5462 | D:7      | Gained mutation: You are mostly covered in icy blue scales (AC +3, EV -1). [demonic ancestry]
  5462 | D:7      | Reached XP level 9. HP: 71/71 MP: 11/11
  5763 | D:8      | Noticed Maurice
  5773 | D:8      | Killed Maurice
  5894 | D:8      | Reached skill level 7 in Armour
  5927 | D:8      | Reached skill level 1 in Shields
  6107 | D:8      | Lost mutation: Your natural rate of healing is unusually fast. [mutagenic meat]
  6108 | D:8      | Gained mutation: You have a beak for a mouth. [mutagenic meat]
  6109 | D:8      | Gained mutation: Your natural rate of healing is unusually fast. [mutagenic meat]
  6420 | D:8      | Noticed Grum
  6436 | D:8      | Killed Grum
  6534 | D:8      | Identified a scroll of acquirement
  6831 | D:9      | Reached skill level 8 in Armour
  6863 | D:9      | Reached ***** piety under Lugonu
  6863 | D:9      | Gained mutation: You have a pair of horns on your head. [demonic ancestry]
  6863 | D:9      | Reached XP level 10. HP: 63/79 MP: 10/12
  7089 | D:9      | Reached skill level 1 in Stealth
  8063 | D:10     | Entered Level 10 of the Dungeon
  8193 | D:10     | Found a staircase to the Lair.
  8260 | D:10     | Found a staircase to the Orcish Mines.
  8263 | D:10     | Reached skill level 9 in Armour
  9096 | Lair:1   | Entered Level 1 of the Lair of Beasts
  9135 | Lair:1   | Slain by a komodo dragon

Skill      XL: |  1  2  3  4  5  6  7  8  9 10 |
---------------+-------------------------------+-----
Armour         | 2 3 4 5 6 8 9 |  9.5
Axes           | 2 3 4 5 6 7 |  7.8
Dodging        | 1 2 3 4 |  4.5
Fighting       | 4 5 6 7 8 |  8.3
Shields        | 2 3 |  3.1
Stealth        | 1 |  1.1
Throwing       | |  0.8
Invocations    | |  2.8

Action                   |  1- 3 |  4- 6 |  7- 9 | 10-12 || total
-------------------------+-------+-------+-------+-------++-------
Melee: Hand axe          |    90 |    84 |       |       ||   174
       Headbutt          |     9 |    27 |    61 |    38 ||   135
       War axe           |       |   100 |   395 |   157 ||   652
       Peck              |       |       |    12 |    32 ||    44
Throw: Tomahawk          |       |       |     2 |       ||     2
Invok: Depart the Abyss  |     1 |       |       |       ||     1
Evoke: Wand              |       |     1 |       |       ||     1
  Use: Scroll            |     5 |     8 |     5 |     1 ||    19
       Potion            |     2 |       |       |     1 ||     3
  Eat: Chunk             |     2 |     4 |    20 |     5 ||    31
       Bread ration      |       |     1 |       |       ||     1
       Fruit             |       |       |       |     2 ||     2
Armor: Ring mail         |    18 |     6 |       |       ||    24
       Chain mail        |       |   106 |   201 |    52 ||   359
       Plate armour      |       |       |       |   121 ||   121
Dodge: Dodged            |    83 |   166 |   300 |   207 ||   756
Block: Buckler           |       |       |    55 |    66 ||   121
